Map: Dusk Towers

Players

MinChul (MC)

  • Race: Protoss Protoss

sOs - Winner!

  • Race: Protoss Protoss

Event: IEM Season 10 - Taipei

VOD

Have the link to the VOD?

Description

Time

  • Played on: Jan. 31, 2016, 11:19 p.m.
  • Length: 5:37

All games in this series

Show
View Real Time Build Order
Export as new Build Order

MinChul Protoss 

Build Orders: 1 Gate Expand 

Get SALT Encoding   

  12  0:00  Probe (Chrono Boost)  
  13  0:11  Probe (Chrono Boost)  
  14  0:19  Pylon  
  14  0:22  Probe (Chrono Boost)  
  15  0:37  Probe (Chrono Boost)  
  15  0:39  Gateway  
  16  0:46  Assimilator  
  16  0:48  Probe (Chrono Boost)  
  17  0:58  Probe (Chrono Boost)  
  18  1:09  Probe (Chrono Boost)  
  19  1:18  Nexus  
  19  1:30  Cybernetics Core  
  19  1:32  Probe (Chrono Boost)  
  20  1:39  Assimilator  
  20  1:42  Probe (Chrono Boost)  
  21  1:48  Pylon  
  21  1:53  Probe (Chrono Boost)  
  22  2:03  Probe (Chrono Boost)  
  22  2:06  Adept, Warp Gate (Chrono Boost)  
  25  2:14  Mothership Core (Chrono Boost)  
  27  2:31  Probe (Chrono Boost)  
  27  2:33  Stalker, Probe (Chrono Boost)  
  31  2:42  Probe (Chrono Boost)  
  31  2:43  Probe (Chrono Boost)  
  33  2:45  Pylon  
  33  2:52  Probe (Chrono Boost)  
  33  2:54  Pylon, Probe (Chrono Boost)  
  35  3:03  Stalker, Probe (Chrono Boost)  
  35  3:04  Probe (Chrono Boost)  
  39  3:17  Robotics Facility  
  41  3:20  Probe x2 (Chrono Boost)  
  41  3:29  Stalker  
  42  3:50  Gateway x2  
  42  3:51  Gateway  
  42  3:55  Gateway  
  42  4:04  Immortal (Chrono Boost)  
  42  4:08  Stalker  
  48  4:14  Pylon  
  48  4:17  Probe x2  
  50  4:30  Stalker  
  49  4:38  Observer (Chrono Boost)  
  36  4:53  Stalker x4  
  36  4:57  Observer (Chrono Boost)  
  21  5:24  Zealot  
Show
View Real Time Build Order
Export as new Build Order

sOs Protoss - Winner!

Build Orders: 1 Gate Expand, Dark Templar Rush 

Get SALT Encoding   

  12  0:00  Probe (Chrono Boost)  
  13  0:11  Probe (Chrono Boost)  
  14  0:17  Pylon  
  14  0:21  Probe (Chrono Boost)  
  15  0:36  Gateway, Probe (Chrono Boost)  
  15  0:42  Assimilator  
  16  0:46  Probe (Chrono Boost)  
  18  0:57  Probe (Chrono Boost)  
  18  1:07  Probe (Chrono Boost)  
  19  1:18  Nexus  
  19  1:20  Probe (Chrono Boost)  
  20  1:30  Cybernetics Core  
  20  1:33  Probe (Chrono Boost)  
  20  1:38  Assimilator  
  21  1:44  Probe (Chrono Boost)  
  22  1:48  Pylon  
  22  1:54  Probe (Chrono Boost)  
  23  2:06  Adept (Chrono Boost), Probe (Chrono Boost)  
  23  2:07  Warp Gate  
  26  2:14  Twilight Council  
  26  2:18  Probe  
  27  2:30  Probe x2 (Chrono Boost)  
  27  2:33  Stalker  
  31  2:41  Probe x2 (Chrono Boost)  
  33  2:51  Dark Shrine  
  33  2:52  Probe (Chrono Boost)  
  33  2:53  Probe (Chrono Boost)  
  33  2:58  Pylon  
  35  3:03  Probe x2 (Chrono Boost)  
  37  3:14  Probe (Chrono Boost), Gateway  
  37  3:15  Probe (Chrono Boost)  
  39  3:23  Robotics Facility  
  39  3:28  Probe (Chrono Boost)  
  39  3:29  Mothership Core (Chrono Boost)  
  39  3:33  Assimilator  
  42  3:38  Probe (Chrono Boost)  
  43  3:47  Pylon  
  43  3:48  Probe (Chrono Boost)  
  44  3:49  Probe (Chrono Boost)  
  43  3:58  Probe (Chrono Boost)  
  43  4:00  Probe (Chrono Boost)  
  45  4:04  Pylon  
  45  4:09  Probe (Chrono Boost), Dark Templar  
  48  4:10  Dark Templar  
  48  4:13  Probe (Chrono Boost)  
  48  4:14  Assimilator, Pylon  
  52  4:17  Observer  
  52  4:19  Probe (Chrono Boost)  
  52  4:20  Gateway  
  52  4:24  Probe (Chrono Boost)  
  54  4:30  Probe (Chrono Boost)  
  55  4:40  Pylon  
  55  4:41  Pylon  
  55  4:45  Immortal (Chrono Boost)  
  59  4:49  Sentry  
  59  4:50  Sentry  
  59  4:51  Pylon  
  63  4:59  Gateway  
  59  5:16  Stalker x2  
  66  5:23  Sentry  

Tags
 
Add a new tag
Caveats
  • Supply blocks, unpowered buildings, or Contaminate may cause inaccurate times.
  • Supply counts are checked every 10 seconds.